 Dungeon Crawl Stone Soup version 0.31-a0-816-gd61d57ddb1 (webtiles) character file.

Game seed: 3309032045101347782

288767 Dirtsage the Metamorph (level 19, -41/156 HPs)
             Began as a Demonspawn Fighter on Sept 21, 2023.
             Was the Champion of Makhleb.
             Killed from afar by an ironbound thunderhulk (48 damage)
             ... with a bolt of lightning
             ... led by a vault warden
             ... on level 3 of the Vaults on Sept 22, 2023.
             The game lasted 02:08:54 (41270 turns).

Dirtsage the Metamorph (Demonspawn Fighter)        Turns: 41270, Time: 02:08:55

Health: -41/156    AC: 30    Str: 30      XL:     19   Next: 89%
Magic:  0/31       EV: 18    Int:  9 (10) God:    Makhleb [******]
Gold:   1878       SH: 14    Dex: 14      Spells: 29/31 levels left

rFire   + .          .
                       - Unarmed
rCold   . . .        x - +2 kite shield {reflect}
rNeg    . . .        L - +9 scales of the Dragon King {rPois rF+ rC+ Will+}
rPois   +            R - +0 hat
rElec   .            s - +0 cloak
rCorr   .            z - +1 pair of gloves
SInv    +            (boots unavailable)
Will    ++...        f - amulet of guardian spirit Stlth
                     w - ring "Tapsov" {rPois rC- EV+5 Str+7}
HPRegen 0.46/turn    S - ring of see invisible
MPRegen 0.22/turn

%: reflection, guardian spirit
@: mighty, agile, marked, studying 2 skills
A: antennae 2, hooves 3, ignite blood 3, powered by pain 2, corrupting presence
2, weakness stinger 2, robust 1
}: 2/15 runes: serpentine, barnacled
a: Renounce Religion, Minor Destruction, Lesser Servant of Makhleb, Major
Destruction, Greater Servant of Makhleb


You were on level 3 of the Vaults.
You worshipped Makhleb.
Makhleb was exalted by your worship.
You visited 7 branches of the dungeon, and saw 34 of its levels.
You visited the Abyss 3 times.
You also visited: Bailey and Volcano.

You collected 4628 gold pieces.
You spent 2750 gold pieces at shops.

Inventory:

Missiles
 c - a curare-tipped dart
 j - 5 throwing nets
Armour
 s - a +0 cloak (worn)
 x - a +2 kite shield of reflection (worn)
 z - a +1 pair of gloves (worn)
 L - the +9 scales of the Dragon King (worn) {rPois rF+ rC+ Will+}
   (You found it on level 7 of the Dungeon)

   rF+:       It protects you from fire.
   rC+:       It protects you from cold.
   rPois:     It protects you from poison Will+: It increases your willpower.
 R - a +0 hat (worn)
Jewellery
 f - an amulet of guardian spirit (around neck)
 i - an amulet of magic regeneration
 u - a +5 ring of evasion
 w - the ring "Tapsov" (left hand) {rPois rC- EV+5 Str+7}
   (You found it on level 1 of the Vaults)

   [ring of evasion]

   EV+5:      It affects your evasion (+5).
   Str+7:     It affects your strength (+7).
   rC-:       It makes you vulnerable to cold.
   rPois:     It protects you from poison
 C - a ring of resist corrosion
 F - the amulet "Xoig" {Acrobat *Slow rElec rN+}
   (You found it on level 4 of the Shoals)

   [amulet of the acrobat]

   Acrobat:   It increases your evasion while moving and waiting.
   rElec:     It insulates you from electricity.
   rN+:       It protects you from negative energy.
   *Slow:     It may slow you when you take damage.
 I - a ring of protection from cold
 M - a ring of flight
 S - a ring of see invisible (right hand)
Talismans
 W - a granite talisman
Wands
 D - a wand of digging (2)
 E - a wand of quicksilver (17)
 N - a wand of roots (33)
Scrolls
 b - a scroll of summoning
 e - 7 scrolls of immolation
 g - 2 scrolls of fear
 r - 6 scrolls of revelation
 t - 9 scrolls of teleportation
 A - 6 scrolls of enchant armour
 B - 4 scrolls of blinking
 G - 5 scrolls of poison
 J - a scroll of fog
 P - 3 scrolls of silence
 Q - 3 scrolls of amnesia
 Y - 7 scrolls of noise
 Z - a scroll of torment
Potions
 a - 2 potions of berserk rage
 d - 4 potions of might
 h - 6 potions of haste
 k - a potion of mutation
 l - 2 potions of heal wounds
 m - a potion of ambrosia
 n - 3 potions of resistance
 o - 4 potions of lignification
 p - 2 potions of magic
 q - 2 potions of curing
 H - 3 potions of invisibility
 K - a potion of cancellation
 O - 2 potions of brilliance
 T - 3 potions of attraction
 V - 4 potions of enlightenment
Miscellaneous
 v - a phial of floods
 X - a lightning rod (4/4)


   Skills:
 - Level 10.9 Fighting
 - Level 2.5 Axes
 - Level 9.6 Armour
 - Level 8.5 Dodging
 + Level 12.9 Shields
 + Level 15.2 Unarmed Combat
 - Level 6.8 Spellcasting
 - Level 6.9 Transmutations
 - Level 16.0 Invocations
 - Level 7.9 Evocations
 * Level 17.2 Shapeshifting


You had 29 spell levels left.
You knew the following spells:

 Your Spells              Type           Power      Damage    Failure   Level
a - Wereblood             Tmut           15%        N/A       54%         2

Your spell library contained the following spells:

 Spells                   Type           Power      Damage    Failure   Level
 Passwall                 Tmut/Erth      7%         N/A       95%         2
 Foxfire                  Conj/Fire      12%        2x1d4     100%        1
 Magic Dart               Conj           12%        1d3       100%        1
 Sandblast                Erth           6%         2d5       100%        1
 Summon Small Mammal      Summ           12%        N/A       100%        1
 Call Imp                 Summ           6%         N/A       100%        2
 Cigotuvi's Dreadful Rot  Necr/Pois/Air  6%         N/A       100%        2
 Sublimation of Blood     Necr           3%         N/A       100%        2
 Call Canine Familiar     Summ           3%         N/A       100%        3
 Gell's Gravitas          Tloc           3%         N/A       100%        3
 Ignite Poison            Fire/Tmut/Pois 7%         N/A       100%        3
 Mephitic Cloud           Conj/Pois/Air  3%         N/A       100%        3
 Stone Arrow              Conj/Erth      6%         3d7       100%        3
 Summon Guardian Golem    Hex/Summ       3%         N/A       100%        3
 Teleport Other           Tloc           3%         N/A       100%        3
 Animate Armour           Summ/Erth      6%         N/A       100%        4
 Brom's Barrelling Bould  Conj/Erth      3%         2d3       100%        4
 Flame Wave               Conj/Fire      3%         2d5       100%        4
 Fulminant Prism          Conj/Hex       1%         3d5       100%        4
 Sticky Flame             Conj/Fire      3%         2d3       100%        4
 Summon Lightning Spire   Summ/Air       3%         N/A       100%        4
 Vhi's Electric Charge    Tloc/Air       6%         N/A       100%        4
 Arcjolt                  Conj/Air       1%         1d11      100%        5
 Fireball                 Conj/Fire      1%         3d3       100%        5
 Irradiate                Conj/Tmut      4%         3d13      100%        5
 Lee's Rapid Deconstruct  Erth           1%         3d4*      100%        5
 Summon Forest            Summ/Tloc      1%         N/A       100%        5
 Summon Mana Viper        Hex/Summ       3%         N/A       100%        5
 Dispersal                Tloc           1%         N/A       100%        6
 Malign Gateway           Summ/Tloc      1%         N/A       100%        7
 Orb of Destruction       Conj           1%         9d5       100%        7
 Spellforged Servitor     Conj/Summ      1%         N/A       100%        7
 Summon Hydra             Summ           1%         N/A       100%        7
 Ignition                 Fire           1%         3d3       100%        8
 Maxwell's Capacitive Co  Air            1%         ∞         100%        8
 Summon Horrible Things   Summ           1%         N/A       100%        8


Dungeon Overview and Level Annotations

Branches:
Dungeon (15/15)            Temple (0/1) D:6            Lair (5/5) D:11
 Shoals (4/4) Lair:3        Snake (4/4) Lair:2        Slime (0/5) Lair:4
    Orc (2/2) D:11            Elf (1/3) Orc:2        Vaults (3/5) D:13
  Crypt (0/3) Vaults:2     Depths (0/4) D:15         Bailey (visited)
Volcano (visited)

Altars:
Gozag
Kikubaaqudgha
Makhleb
Qazlal
Sif Muna
Trog
Yredelemnul
Jiyva

Shops:
D:4 :   D:12 !![*   Orc:2 (=[*   Shoals:4 *   Snake:1 [

Annotations:
Lair:1 2 transporters, WhatIsLove's ghost, journeyman HOMo
Vaults:2 2 runed translucent doors, Ciq Qara's ghost, veteran GrEE; Qotsoore's ghost, adept DsFi
Vaults:3 Frederick


Innate Abilities, Weirdness & Mutations

You have a pair of antennae on your head.
You have hooves in place of feet.
Your demonic aura causes all spilled blood to erupt in flames.
You sometimes gain power by taking damage.
Your presence sometimes corrodes or deforms those you injure.
You have a tail ending in a sharp stinger.
You are robust. (+10% HP)


Message History

You block the vault sentinel's attack.
An ironbound frostheart comes into view.
Items here: ) / = [.
You barely miss the vault sentinel.
The vault sentinel is lightly wounded.
The vault warden activates a sealing rune.
The vault sentinel is engulfed in blazing flames.
You block the vault sentinel's attack.
You completely miss the vault sentinel.
Your corrupting presence corrodes the vault sentinel!
You kick the vault sentinel!
The vault sentinel is heavily wounded.
You pummel the vault sentinel!!
You kill the vault sentinel!
Makhleb accepts your kill.
You feel better.
You regained 8 hp, and now have 56/156 hp.
The vault warden activates a sealing rune.
Things that are here:
a +1 heavy morningstar; a +0 scale mail; a human corpse The ironbound frostheart calls freezing cold from the walls.
The frost grips you.
You are encased in ice.
Things that are here:
a +0 long sword; a +0 ring mail; a human corpse You take 4 damage, and have 53/156 hp.
The ice encasing you melts away.
Electricity crackles from the ironbound thunderhulk's apparatus.
The bolt of lightning hits you!!
* * * LOW HITPOINT WARNING * * *
The tengu reaver is engulfed in blazing flames.
The tengu reaver points at you and mumbles some strange words.
The bolt of cold hits you!!
* * * LOW HITPOINT WARNING * * *
You focus on the pain.
You feel mightier all of a sudden.
You take 47 damage, and have 7/156 hp.
MASSIVE DAMAGE!!
You now have 1/31 mp.
Electricity crackles from the ironbound thunderhulk's apparatus.
The bolt of lightning hits you!!!
You die...

..... #..# #.... ##.#
#...# {#)# ....##. #)#
#{ ##....... ##p# #.,
#)....... #pQ# #..##
{###)......###.O#
#....####...Q....##....#
#...)...@p.p..O........+
#+###########+##########


You could see a vault warden, an ironbound thunderhulk, a tengu reaver and an
ironbound frostheart.

Vanquished Creatures
  Vashnia (Snake:3)
  Nikola (Shoals:1)
  A Hell Sentinel (Abyss:4)
  4 tentacled starspawn (Abyss:4)
  3 liches (Abyss:4)
  A tengu reaver (Vaults:2)
  Agnes (Snake:1)
  5 nagarajas (Snake:4)
  A frost giant (Shoals:4)
  A deep elf sorcerer (Elf:1)
  4 orc warlords
  5 vault wardens
  A reaper (Abyss:2)
  5 ironbound preservers (Vaults:2)
  A formless jellyfish (Vaults:2)
  A very ugly thing (Abyss:2)
  An ophan (Abyss:4)
  2 ironbound thunderhulks (Vaults:2)
  7 dire elephants (Vaults:1)
  Snorg (D:10)
  A quicksilver dragon zombie (Abyss:2)
  7 merfolk javelineers
  An ettin (D:15)
  2 great orbs of eyes (Vaults:2)
  4 yaktaur captains
  9 merfolk impalers
  A peacekeeper (Vaults:2)
  11 hydras
  An ogre mage (Volcano)
  A vault guard (D:13)
  The ghost of bmj180 the Destroyer, a journeyman HuCj of Vehumet (D:10)
  3 boulder beetles
  2 merfolk aquamancers (Shoals:4)
  2 merfolk avatars
  8 anacondas
  3 ironbound frosthearts
  9 centaur warriors
  3 alligator snapping turtles
  3 dancing weapons (Elf:1)
  Erica (D:8)
  5 death yaks (Lair:2)
  A satyr (Shoals:4)
  7 two-headed ogres
  15 naga warriors
  2 orc high priests (Orc:2)
  3 shock serpents
  3 thrashing horrors
  A tengu warrior (D:15)
  Urug (D:10)
  10 naga sharpshooters
  A hell knight (Volcano)
  Amaemon (Lair:2)
  6 salamander mystics
  2 wretched stars (Abyss:4)
  5 skysharks
  A sun demon (Abyss:2)
  11 sea snakes
  9 skeletal warriors
  9 large abominations
  A glowing orange brain (Vaults:3)
  12 deep trolls
  A death drake (shapeshifter) (D:15)
  8 wizards
  13 naga ritualists
  A lindwurm (Lair:4)
  A deep elf archer (Elf:1)
  2 necromancers
  15 harpies
  15 ironbound convokers
  9 deep elf zephyrmancers (Elf:1)
  17 deep elf pyromancers
  10 salamanders
  8 orc knights
  11 fauns
  16 mana vipers
  10 cyclopes
  5 orc sorcerers
  A fire giant zombie (Vaults:2)
  2 spectral centaurs (D:10)
  13 elephants (Lair:5)
  28 ugly things
  14 manticores
  6 water nymphs
  A frost giant skeleton (Vaults:2)
  An apocalypse crab (Abyss:4)
  2 human skeletons (Vaults:2)
  29 black mambas
  11 naga magi
  2 molten gargoyles (Volcano)
  7 guardian serpents
  7 merfolk sirens
  6 vault sentinels
  An orange demon (Lair:2)
  15 cane toads
  4 unseen horrors
  4 gargoyles
  Maggie (D:6)
  Psyche (D:8)
  7 yaktaurs
  A rime drake (Lair:5)
  An ice devil (Abyss:2)
  2 ancient zymes (Abyss:2)
  3 kobold demonologists (D:13)
  6 komodo dragons
  26 merfolk
  5 trolls
  5 wind drakes
  11 polar bears (Lair:5)
  3 meliai (D:14)
  11 blink frogs
  Grinder (D:4)
  A human simulacrum (Vaults:2)
  6 dream sheep (Lair:5)
  A meliai zombie (D:10)
  8 raiju
  11 snapping turtles
  4 small abominations
  12 slime creatures
  A centaur simulacrum (D:10)
  4 water elementals
  3 ynoxinuls (Abyss:2)
  2 wraiths
  A human (D:13)
  6 wyverns
  A fire elemental (Elf:1)
  2 vampires
  A neqoxec (Abyss:4)
  43 yaks
  6 fire bats
  2 steam dragons
  3 chaos spawn
  2 basilisks
  7 wargs
  16 vampire mosquitoes
  49 nagas
  2 acid dragons
  14 hell hounds (Lair:5)
  16 water moccasins
  A swamp drake (D:11)
  An ice beast (D:7)
  13 black bears
  36 orc warriors
  A sky beast (D:7)
  7 ogres
  5 boggarts (Vaults:1)
  24 centaurs
  24 wolves
  A phantom (D:6)
  3 earth elementals
  6 kobold brigands
  5 bullfrogs
  A scorpion (D:3)
  2 wights
  22 killer bees
  An electric eel (Lair:4)
  5 howler monkeys
  6 lava snakes (Volcano)
  A quasit (Abyss:4)
  13 jellies (Lair:4)
  15 orc priests
  3 hounds
  2 gnoll boudas
  5 iguanas
  13 starcursed masses (Abyss:4)
  3 iron imps (Abyss:2)
  2 sleepcaps
  17 orc wizards
  20 gnolls
  9 adders
  3 shadow imps
  A white imp (D:7)
  3 ufetubi
  4 worms
  2 dart slugs
  72 orcs
  9 endoplasms
  5 giant cockroaches
  10 goblins
  18 hobgoblins
  2 jackals (D:2)
  33 kobolds
  5 quokkas
  7 ball pythons
  5 bats (D:1)
  5 frilled lizards
  5 rats
  3 starspawn tentacles (Abyss:4)
  2 tentacles (Shoals:3)
1291 creatures vanquished.

Vanquished Creatures (collateral kills)
  A kraken (Shoals:3)
  Aizul (Snake:2)
  An orc warlord (Orc:2)
  A merfolk avatar (Shoals:4)
  A dancing weapon (Elf:1)
  2 naga warriors
  A faun (Shoals:1)
  A cyclops (Shoals:4)
  2 manticores
  A merfolk siren (Shoals:2)
  2 naga magi (Snake:3)
  6 merfolk
  3 dream sheep (Shoals:4)
  2 orc warriors (Orc:2)
  A gnoll (D:4)
  An adder (D:4)
  A goblin (D:4)
  A spectral weapon (Snake:1)
  A tentacle (Shoals:3)
30 creatures vanquished.

Vanquished Creatures (others)
  A green death (Abyss:4)
  A water elemental (Elf:1)
  A vampire mosquito (D:15)
  2 nagas
  An orc (Orc:2)
  2 foxfires (Abyss:4)
  9 starspawn tentacles (Abyss:4)
  11 tentacles (Shoals:3)
28 creatures vanquished.

Grand Total: 1349 creatures vanquished

Notes
Turn   | Place    | Note
-------+----------+-------------------------------------------
     0 | D:1      | Dirtsage the Demonspawn Fighter began the quest for the
                  | Orb.
     0 | D:1      | Reached XP level 1. HP: 18/18 MP: 1/1
   149 | D:1      | Discovered your monstrous ancestry.
   149 | D:1      | Gained mutation: You have a pair of small antennae on your
                  | head. [demonic ancestry]
   149 | D:1      | Reached XP level 2. HP: 24/24 MP: 2/2
   257 | D:1      | Reached skill level 1 in Unarmed Combat
   323 | D:1      | Found a faded altar of an unknown god.
   453 | D:1      | Gained mutation: Your demonic aura sometimes causes spilled
                  | blood to erupt in flames. [demonic ancestry]
   453 | D:1      | Reached XP level 3. HP: 23/29 MP: 1/3
  1039 | D:2      | Reached XP level 4. HP: 34/35 MP: 4/4
  2022 | D:3      | Gained mutation: You have large cloven feet. [demonic
                  | ancestry]
  2022 | D:3      | Reached XP level 5. HP: 36/41 MP: 3/5
  2729 | D:3      | Found a shimmering blue altar of Sif Muna.
  2881 | D:3      | Reached skill level 5 in Unarmed Combat
  3002 | D:3      | Gained mutation: You sometimes lose your temper in combat.
                  | [potion of mutation]
  3002 | D:3      | Lost mutation: You sometimes lose your temper in combat.
                  | [potion of mutation]
  3007 | D:3      | HP: 2/41 [poisoned by a scorpion]
  3008 | D:3      | Gained mutation: You have a pair of antennae on your head.
                  | [demonic ancestry]
  3008 | D:3      | Reached XP level 6. HP: 3/47 MP: 1/6
  3286 | D:4      | Noticed Grinder
  3407 | D:4      | Paralysed by Grinder for 2 turns
  3420 | D:4      | Killed Grinder
  3421 | D:4      | Gained mutation: You sometimes gain a little power by
                  | taking damage. [demonic ancestry]
  3421 | D:4      | Reached XP level 7. HP: 49/52 MP: 7/7
  3906 | D:4      | Found a bloodstained altar of Trog.
  3924 | D:4      | Found Xuqifren's Book Emporium.
  3939 | D:4      | Found a burning altar of Makhleb.
  3946 | D:4      | Became a worshipper of Makhleb the Destroyer
  4111 | D:5      | Entered Level 5 of the Dungeon
  4382 | D:5      | Reached skill level 1 in Invocations
  4444 | D:5      | Identified the +0 ring mail of Witsoz {Str+6 Int+4 SInv}
  4755 | D:5      | Reached skill level 1 in Dodging
  4755 | D:5      | Gained mutation: Your demonic aura often causes spilled
                  | blood to erupt in flames. [demonic ancestry]
  4755 | D:5      | Reached XP level 8. HP: 58/58 MP: 9/9
  5068 | D:6      | Noticed Maggie
  5079 | D:6      | Killed Maggie
  5240 | D:6      | Found a staircase to the Ecumenical Temple.
  5457 | D:6      | Reached * piety under Makhleb
  5669 | D:6      | Gained mutation: Your demonic aura causes all spilled blood
                  | to erupt in flames. [demonic ancestry]
  5669 | D:6      | Reached XP level 9. HP: 65/66 MP: 9/11
  6010 | D:7      | Found the +9 scales of the Dragon King {rPois rF+ rC+
                  | Will+}
  6171 | D:7      | Found a stormy altar of Qazlal.
  6865 | D:8      | Noticed Psyche
  6875 | D:8      | Killed Psyche
  6876 | D:8      | Reached skill level 5 in Fighting
  6931 | D:8      | Reached skill level 5 in Invocations
  6932 | D:8      | Reached ** piety under Makhleb
  7004 | D:8      | Noticed Erica
  7012 | D:8      | Gained mutation: You have a small tail. [demonic ancestry]
  7012 | D:8      | Reached XP level 10. HP: 73/74 MP: 12/14
  7013 | D:8      | Killed Erica
  7014 | D:8      | Reached skill level 5 in Armour
  7014 | D:8      | Reached skill level 5 in Shields
  7827 | D:9      | Found a flagged portal.
  7877 | Bailey   | Entered a bailey
  7882 | Bailey   | Noticed an orc warlord
  7907 | Bailey   | Reached *** piety under Makhleb
  7919 | Bailey   | Saving game... please wait.
  7986 | Bailey   | Found a runed translucent gate.
  7992 | Bailey   | Found a runed translucent gate.
  7993 | Bailey   | Found a runed translucent gate.
  8126 | Bailey   | Killed an orc warlord
  8127 | Bailey   | Reached skill level 10 in Unarmed Combat
  8187 | Bailey   | Got a leatherbound book
  8803 | D:10     | Entered Level 10 of the Dungeon
  8803 | D:10     | Noticed a two-headed ogre
  8803 | D:10     | Found a runed translucent gate.
  8803 | D:10     | Found a runed translucent gate.
  8803 | D:10     | Found a runed translucent gate.
  8812 | D:10     | Killed a two-headed ogre
  8813 | D:10     | Reached XP level 11. HP: 83/83 MP: 16/16
  8827 | D:10     | Noticed bmj180's ghost (journeyman HuCj)
  8842 | D:10     | Reached skill level 5 in Dodging
  9103 | D:10     | Noticed a wizard
  9117 | D:10     | Killed a wizard
  9144 | D:10     | Got a dog-eared book
  9237 | D:10     | Learned a level 2 spell: Wereblood
  9351 | D:10     | Noticed Urug
  9362 | D:10     | Killed Urug
  9389 | D:10     | Reached **** piety under Makhleb
  9463 | D:10     | Noticed Snorg
  9470 | D:10     | Killed Snorg
  9471 | D:10     | Reached skill level 1 in Spellcasting
  9471 | D:10     | Reached skill level 1 in Transmutations
  9626 | D:10     | Killed bmj180's ghost
  9744 | D:11     | Found an opulent altar of Gozag.
  9763 | D:11     | Gained mutation: You sometimes gain power by taking damage.
                  | [demonic ancestry]
  9763 | D:11     | Reached XP level 12. HP: 91/91 MP: 18/18
 10172 | D:11     | Noticed a two-headed ogre
 10178 | D:11     | Killed a two-headed ogre
 10415 | D:11     | Found a staircase to the Lair.
 10574 | D:11     | Found a staircase to the Orcish Mines.
 10815 | Lair:1   | Entered Level 1 of the Lair of Beasts
 11487 | Lair:1   | Noticed WhatIsLove's ghost (journeyman HOMo)
 11491 | Lair:1   | Found a bloodstained altar of Trog.
 11505 | Lair:1   | Found a transporter.
 11507 | Lair:1   | Found a transporter.
 12157 | Lair:2   | Noticed Amaemon
 12199 | Lair:2   | Killed Amaemon
 12301 | Lair:2   | Found a staircase to the Snake Pit.
 12990 | Lair:2   | Noticed a death yak
 12991 | Lair:2   | Noticed a death yak
 12991 | Lair:2   | Noticed a death yak
 12991 | Lair:2   | Noticed a death yak
 13024 | Lair:2   | Killed a death yak
 13025 | Lair:2   | Reached skill level 10 in Invocations
 13025 | Lair:2   | Gained mutation: Your presence sometimes corrodes those you
                  | injure. [demonic ancestry]
 13025 | Lair:2   | Reached XP level 13. HP: 98/99 MP: 17/20
 13573 | Lair:3   | Found a staircase to the Shoals.
 13801 | Lair:3   | Found a dark tunnel.
 13807 | Volcano  | Entered a volcano
 14128 | Volcano  | Found a bloodstained altar of Trog.
 14147 | Volcano  | Reached ***** piety under Makhleb
 14403 | Volcano  | Identified the +0 pair of boots of the Earth {rPois rC++
                  | Stlth-}
 15242 | Lair:4   | Found a viscous altar of Jiyva.
 15244 | Lair:4   | Found a staircase to the Slime Pits.
 15274 | Lair:4   | Reached skill level 5 in Transmutations
 15767 | Lair:4   | Reached skill level 5 in Spellcasting
 15917 | Lair:5   | Entered Level 5 of the Lair of Beasts
 16102 | Lair:5   | Gained mutation: Your presence sometimes corrodes or
                  | deforms those you injure. [demonic ancestry]
 16102 | Lair:5   | Reached XP level 14. HP: 102/108 MP: 17/22
 16829 | Lair:5   | Reached ****** piety under Makhleb
 16899 | Lair:5   | Reached skill level 10 in Fighting
 17473 | Orc:1    | Entered Level 1 of the Orcish Mines
 17534 | Orc:1    | Noticed an orc warlord
 17548 | Orc:1    | Killed an orc warlord
 17884 | Orc:2    | Entered Level 2 of the Orcish Mines
 17898 | Orc:2    | Noticed an orc warlord
 18281 | Orc:2    | Killed an orc warlord
 18353 | Orc:2    | Found Uclaus's Jewellery Shoppe.
 18516 | Orc:2    | Found a staircase to the Elven Halls.
 18552 | Orc:2    | Found Veluam's General Store.
 18560 | Orc:2    | Bought a scroll of identify for 28 gold pieces
 18560 | Orc:2    | Bought a scroll of teleportation for 42 gold pieces
 18560 | Orc:2    | Bought a scroll of immolation for 56 gold pieces
 18597 | Orc:2    | Found Eplufiv's Antique Armour Boutique.
 18744 | Orc:2    | Found Botus's Antique Weapon Shoppe.
 19097 | Orc:1    | Found Teptoucw's Vocational Training.
 19112 | Orc:1    | Bought a manual of Evocations for 1040 gold pieces
 19112 | Orc:1    | Bought a manual of Invocations for 1040 gold pieces
 19376 | D:12     | Gained mutation: You have hoof-like feet. [demonic
                  | ancestry]
 19376 | D:12     | Reached XP level 15. HP: 110/117 MP: 21/25
 19380 | D:12     | Reached skill level 1 in Evocations
 19511 | D:12     | Found Vunu's Distillery.
 19572 | D:12     | Found Feraso Fiant's Assorted Antiques.
 19657 | D:12     | Found Duxuhem's Distillery.
 19844 | D:12     | Found Vix Kad's Armour Shop.
 20104 | D:12     | Reached skill level 1 in Shapeshifting
 20440 | D:13     | Reached skill level 2 in Shapeshifting
 20730 | D:13     | Got a shiny book
 20815 | D:13     | Found a gate to the Vaults.
 20958 | D:14     | Reached skill level 3 in Shapeshifting
 21054 | D:14     | Found a shimmering blue altar of Sif Muna.
 21843 | D:15     | Entered Level 15 of the Dungeon
 21880 | D:15     | Reached skill level 5 in Evocations
 21888 | Abyss:2  | Cast into level 2 of the Abyss (a wizard)
 21995 | Abyss:2  | Paralysed by accursed screaming for 1 turns
 22000 | Abyss:2  | Paralysed by accursed screaming for 1 turns
 22023 | Abyss:2  | Reached skill level 4 in Shapeshifting
 22024 | Abyss:2  | Found a corrupted altar of Lugonu.
 22534 | D:15     | Escaped the Abyss
 22539 | D:15     | Reached skill level 5 in Shapeshifting
 22543 | D:15     | Reached skill level 15 in Invocations
 22719 | D:15     | Gained mutation: You have a tail ending in a sharp stinger.
                  | [demonic ancestry]
 22719 | D:15     | Reached XP level 16. HP: 103/124 MP: 16/27
 22919 | D:15     | Found a staircase to the Depths.
 23044 | D:15     | Reached skill level 6 in Shapeshifting
 23820 | Snake:1  | Entered Level 1 of the Snake Pit
 24057 | Snake:1  | Reached skill level 7 in Shapeshifting
 24656 | Snake:1  | Noticed Agnes
 24663 | Snake:1  | Killed Agnes
 24791 | Snake:1  | Reached skill level 8 in Shapeshifting
 24793 | Snake:1  | Found Dittext's Antique Armour Shop.
 25143 | Snake:2  | Reached skill level 10 in Shields
 25439 | Snake:2  | Noticed Aizul
 25451 | Snake:2  | Killed Aizul
 26420 | Snake:2  | Reached skill level 9 in Shapeshifting
 26701 | Orc:2    | Bought a ring of flight for 262 gold pieces
 26851 | Shoals:1 | Entered Level 1 of the Shoals
 27021 | Shoals:1 | Noticed Nikola
 27036 | Shoals:1 | Killed Nikola
 27409 | Shoals:1 | Reached skill level 10 in Shapeshifting
 27828 | Shoals:2 | Reached XP level 17. HP: 121/130 MP: 22/29
 28703 | Shoals:2 | Reached skill level 11 in Shapeshifting
 29259 | Shoals:3 | Saving game... please wait.
 29633 | Shoals:3 | Noticed a kraken
 30179 | Shoals:3 | Reached skill level 12 in Shapeshifting
 30340 | Shoals:3 | Killed a kraken
 30674 | Shoals:4 | Entered Level 4 of the Shoals
 31388 | Shoals:4 | Reached skill level 13 in Shapeshifting
 31493 | Shoals:4 | Identified the amulet "Xoig" {Acrobat *Slow rElec rN+}
 31871 | Shoals:4 | Found Xoger's General Store.
 31880 | Shoals:4 | Bought a wand of digging (2) for 100 gold pieces
 32294 | Shoals:4 | Identified the +1 robe of Charity {rCorr Str+3 Dex+2}
 32943 | Shoals:4 | Got a barnacled rune of Zot
 33210 | Shoals:4 | Reached skill level 14 in Shapeshifting
 33420 | Shoals:4 | Got an embossed book
 33560 | Shoals:4 | Acquired 779 gold pieces
 33784 | Snake:3  | Noticed Vashnia
 33797 | Snake:3  | Killed Vashnia
 33798 | Snake:3  | Reached XP level 18. HP: 97/129 MP: 19/30
 34407 | Snake:4  | Entered Level 4 of the Snake Pit
 35194 | Snake:4  | Reached skill level 15 in Shapeshifting
 35753 | Snake:4  | Got a serpentine rune of Zot
 36223 | Elf:1    | Entered Level 1 of the Elven Halls
 37029 | Elf:1    | Got a clothbound book
 37266 | Abyss:4  | Cast into level 4 of the Abyss (+0 trident of distortion)
 37279 | Abyss:4  | Found a corrupted altar of Lugonu.
 37279 | Abyss:4  | Noticed a lich
 37309 | Abyss:4  | Killed a lich
 37366 | Abyss:4  | Noticed a lich
 37379 | Abyss:4  | Killed a lich
 37380 | Abyss:4  | Noticed a Hell Sentinel
 37388 | Abyss:4  | HP: 8/171 [Hell Sentinel/damnation (10)]
 37389 | Abyss:4  | Killed a Hell Sentinel
 37393 | Abyss:4  | HP: 8/171 [blizzard demon/the air[a shadow demon] (12)]
 37394 | Abyss:4  | HP: 2/171 [blizzard demon/the air[a shadow demon] (7)]
 37502 | Elf:1    | Escaped the Abyss
 37996 | D:12     | Bought a potion of heal wounds for 70 gold pieces
 37996 | D:12     | Bought a potion of curing for 42 gold pieces
 38019 | D:12     | Bought a potion of heal wounds for 70 gold pieces
 38094 | Vaults:1 | Entered Level 1 of the Vaults
 38147 | Abyss:4  | Cast into level 4 of the Abyss (a wizard)
 38152 | Abyss:4  | Noticed a lich
 38159 | Abyss:4  | Noticed a bone dragon
 38170 | Abyss:4  | Killed a lich
 38171 | Abyss:4  | Gained mutation: You have hooves in place of feet. [demonic
                  | ancestry]
 38171 | Abyss:4  | Reached XP level 19. HP: 131/142 MP: 22/31
 38219 | Abyss:4  | Found a corrupted altar of Lugonu.
 38315 | Abyss:4  | Gained mutation: You occasionally lose the ability to read
                  | scrolls when taking damage. [a neqoxec]
 38316 | Abyss:4  | Gained mutation: You are frail. (-10% HP) [a neqoxec]
 38318 | Abyss:4  | Lost mutation: You are frail. (-10% HP) [potion of
                  | mutation]
 38318 | Abyss:4  | Lost mutation: You occasionally lose the ability to read
                  | scrolls when taking damage. [potion of mutation]
 38318 | Abyss:4  | Gained mutation: You are robust. (+10% HP) [potion of
                  | mutation]
 38434 | Abyss:4  | Reached skill level 16 in Shapeshifting
 38543 | Abyss:4  | Found a corrupted altar of Lugonu.
 38556 | Abyss:4  | Found a corrupted altar of Lugonu.
 38634 | Vaults:1 | Escaped the Abyss
 38675 | Vaults:1 | Identified the +9 mace of Starshine {drain, Contam rC+
                  | Dex+3}
 39098 | Vaults:1 | Identified the +4 long sword "Dragonbane" {freeze, rN+
                  | rCorr}
 39591 | Vaults:1 | Identified the ring "Tapsov" {rPois rC- EV+5 Str+7}
 40060 | Vaults:2 | Reached skill level 15 in Unarmed Combat
 40216 | Vaults:2 | Found a large runed translucent door.
 40216 | Vaults:2 | Found a large runed translucent door.
 40216 | Vaults:2 | Noticed Ciq Qara's ghost (veteran GrEE)
 40216 | Vaults:2 | Noticed Qotsoore's ghost (adept DsFi)
 40368 | Vaults:2 | Paralysed by a formless jellyfish for 1 turns
 40622 | Vaults:2 | Saving game... please wait.
 40622 | Vaults:2 | Upgraded the game from 0.31-a0-803-g95b03c3367 to
                  | 0.31-a0-816-gd61d57ddb1
 40660 | Vaults:2 | Reached skill level 17 in Shapeshifting
 40800 | Vaults:2 | Found a staircase to the Crypt.
 40800 | Vaults:2 | Found an ancient bone altar of Kikubaaqudgha.
 40800 | Vaults:2 | Found a basalt altar of Yredelemnul.
 41221 | Vaults:3 | HP: 6/156 [ironbound thunderhulk/bolt of lightning[a vault
                  | warden] (29)]
 41231 | Vaults:3 | Noticed Frederick
 41254 | Vaults:3 | Identified the ring "Ifeli" {rElec Will+ Str+3 SInv}
 41269 | Vaults:3 | HP: 7/156 [tengu reaver/bolt of cold (25)]
 41270 | Vaults:3 | Killed from afar by an ironbound thunderhulk

Illustrated notes

Levels and vault maps discovered:
D:1:      shiori_arrival_maze, layout_loops_ring,
          ebering_ecumenical_altar_sacrificial, minmay_quantized
D:2:      layout_basic, minmay_tromino_i4
D:3:      layout_basic, mainiacjoe_overflow_boulevard
D:4:      layout_cave_pools, bloody_trog, lemuel_doored_altar, serial_shops,
          shop, ebering_dispersal_statue_hall, uniq_grinder
D:5:      layout_loops_corners, kennysheep_boxes
D:6:      layout_rooms, lemuel_tele_altar, minmay_temple_entry_statues,
          supply_closet_lemuel, minmay_liquid_box, uniq_maggie
D:7:      layout_loops_ring, amcnicky_altar_gilded, grunt_ministairs_6
D:8:      minmay_general_purpose_star, layout_basic, nicolae_underground_beach,
          uniq_psyche, uniq_erica
D:9:      layout_basic, enter_bailey_2, hangedman_decor_lopped
D:10:     cheibrodos_wizards_tower, layout_basic, gammafunk_ghost_necromancy,
          uniq_snorg, uniq_urug
D:11:     layout_cave_pools, erik_lair_dragon, erik_orc_3,
          nicolae_gozag_seed_capital
D:12:     layout_irregular_city, serial_shops, shop, shop,
          nicolae_shop_tiny_glass, nicolae_square_shop,
          kennysheep_generic_room_6
D:13:     layout_cave_pools, hellmonk_vaults_keyhole
D:14:     layout_basic, nicolae_sif_muna_condensation, serial_bayou_ford_a
D:15:     hangedman_depths_entry_civil_slaughter, layout_gridville
Lair:1:   layout_layer_cave, gammafunk_ghost_wrathful_warriors
Lair:2:   layout_cellular_growth, minmay_snake_entry_guardpost_medium,
          serial_rivers, chequers_serial_rivers_large_a,
          chequers_serial_rivers_room_a, chequers_serial_rivers_small_a,
          chequers_serial_rivers_micro_e, pond, infiniplex_staircase_pool_2,
          uniq_amaemon
Lair:3:   layout_loops_ring, shoals_dummy_entry, nicolae_volcano_entry_s_turn
Lair:4:   layout_misc_corridors, minmay_slime_entry_jelly_boxes, ldierk_geyser,
          minmay_hedge_maze, infiniplex_staircase_pool, serial_bayou_shore_b,
          serial_bayou_shore_b
Lair:5:   hangedman_lair_caniforms_friends, layout_cave_pods, grunt_megastairs_2
Shoals:1: layout_shoals, nicolae_shoals_dead_sea_scrolls, uniq_nikola
Shoals:2: layout_shoals
Shoals:3: layout_shoals
Shoals:4: shoals_end_grunt_ice, layout_shoals, serial_shops, nicolae_shop_trees
Snake:1:  layout_onion_interference, serial_shops, shop, lemuel_fruit_tree,
          uniq_agnes
Snake:2:  layout_chambers, uniq_aizul
Snake:3:  nicolae_snake_hallway, layout_onion, st_stairs_6, abandoned_shop,
          uniq_vashnia
Snake:4:  johnstein_snake_rune_scales, layout_misc_corridors,
          serial_bayou_shore_a
Orc:1:    layout_diamond_mine, nicolae_shop_vocational
Orc:2:    grunt_orc_gardens, layout_caves, grunt_orc_garden, grunt_orc_garden,
          grunt_orc_garden, grunt_orc_garden
Elf:1:    eino_elf_arrival_customs, layout_gridlike, minmay_elf_sorcery
Vaults:1: v_misc_14, hangedman_vaults_slice, v_misc_16, v_alt_pattern_4,
          nicolae_vaults_weapon_check, hangedman_vaults_locks, v_alt_pattern_6,
          v_rooms_2, nicolae_vaults_diamond_2, vaults_mumra_chevron_long,
          v_misc_22, v_misc_3, nicolae_vaults_trapezoid_layered,
          nicolae_vaults_tetromino_Z_1, ontoclasm_vaults_pinch,
          layout_vaults_omnicross
Vaults:2: advil_vaults_ghost_guards, minmay_crypt_entry_necro_gods,
          nicolae_vaults_shipping_containers_1, nicolae_vaults_puzzle_piece,
          v_alt_pattern_6, nicolae_vaults_closet_pinwheel_6,
          nicolae_vaults_tetromino_Z_1, nicolae_vaults_trapezoid_layered,
          ontoclasm_vaults_ligature, v_misc_29,
          nicolae_vaults_heart-shaped_vault, hangedman_vaults_restitches,
          nicolae_vaults_apartment_1, ontoclasm_vaults_decontamination,
          layout_vaults_omnibox
Vaults:3: vaults_dpeg_emergency_exit, vaults_dpeg_ring,
          nicolae_vaults_circle_grid_b, nicolae_vaults_more_shelving_1,
          nicolae_vaults_disappearing_quadrants, nicolae_vaults_network_quincunx
          [nicolae_vaults_network_quincunx_subvault,
          nicolae_vaults_network_quincunx_subvault,
          nicolae_vaults_network_quincunx_subvault,
          nicolae_vaults_network_quincunx_subvault,
          nicolae_vaults_network_quincunx_subvault], hangedman_vaults_slither,
          nicolae_vaults_closet_pinwheel_1, nicolae_vaults_border_crossing,
          v_pattern_4, nicolae_vaults_two_Ls, nicolae_vaults_storage_room_doors,
          v_misc_17, nicolae_vaults_little_ls, layout_vaults_maze,
          uniq_frederick

Skill      XL: |  1  2  3  4  5  6  7  8  9 10 11 12 13 14 15 16 17 18 19 |
---------------+----------------------------------------------------------+-----
Axes           | 2 |  2.5
Unarmed Combat | 1 2 3 5 6 7 8 9 10 11 12 13 14 15 | 15.2
Invocations    | 1 3 5 7 8 10 11 12 15 16 | 16.0
Armour         | 3 4 5 6 7 8 9 |  9.6
Shields        | 3 4 5 6 7 8 10 11 12 | 12.9
Dodging        | 1 2 3 4 5 6 7 8 |  8.5
Fighting       | 4 5 6 7 8 9 10 | 10.9
Spellcasting   | 1 3 5 6 |  6.8
Transmutations | 1 3 5 6 |  6.9
Evocations     | 7 |  7.9
Shapeshifting  | 5 10 14 15 17 | 17.2

Action                     |  1- 3 |  4- 6 |  7- 9 | 10-12 | 13-15 | 16-18 | 19-21 || total
---------------------------+-------+-------+-------+-------+-------+-------+-------++-------
  Melee: War axe           |    88 |    72 |       |       |       |       |       ||   160
         Unarmed           |       |   149 |   289 |   673 |  1430 |  1513 |   495 ||  4549
         Kick              |       |    27 |    84 |   256 |    37 |   112 |   263 ||   779
         Tailslap          |       |       |       |    92 |   287 |   292 |   124 ||   795
  Throw: Dart              |       |       |       |     1 |     1 |       |       ||     2
 Invoke: Lesser Servant of |       |       |       |     1 |     1 |       |       ||     2
         Greater Servant o |       |       |       |       |     1 |    12 |     1 ||    14
         Minor Destruction |       |       |       |       |       |     1 |       ||     1
  Evoke: Wand              |       |       |       |     2 |       |       |       ||     2
    Use: Potion            |       |     4 |     2 |     2 |     4 |     7 |     4 ||    23
         Scroll            |       |       |     4 |     4 |    15 |    14 |     5 ||    42
   Stab: Distracted        |       |       |       |     2 |       |     3 |       ||     5
 Armour: Scale mail        |    65 |    62 |       |       |       |       |       ||   127
         Chain mail        |       |    56 |   143 |       |       |       |       ||   199
         Skin              |       |       |     8 |       |       |   283 |       ||   291
         Gold dragon scale |       |       |    29 |   559 |  1355 |  1041 |   260 ||  3244
  Dodge: Dodged            |    57 |   139 |   166 |   314 |   756 |   804 |   119 ||  2355
  Block: Buckler           |    17 |    53 |    65 |   174 |   163 |       |       ||   472
         Kite shield       |       |       |       |       |   524 |   946 |   222 ||  1692
         Reflection        |       |       |       |       |       |    41 |    15 ||    56
   Form: Statue            |       |       |       |       |       |     5 |       ||     5
                           |       |       |       |       |       |     5 |       ||     5

Table legend: (Time is in decaauts)
 A = Elapsed time spent in this place.
 B = Non-inter-level travel time spent in this place.
 C = Inter-level travel time spent in this place.
 D = Time resting spent in this place.
 E = Time spent auto-exploring this place.
 F = Levels seen in this place.
 G = Mean time per level.
                   A        B        C        D        E       F      G
               +--------+--------+--------+--------+--------+-----+--------+
         Total |  42113 |  39605 |   2508 |   3889 |  26971 |  39 | 1079.8 |
       Dungeon |  14679 |  13456 |   1223 |    493 |  10407 |  15 |  978.6 |
          Lair |   5874 |   5427 |    447 |     53 |   4243 |   5 | 1174.8 |
        Shoals |   6661 |   6527 |    134 |   1506 |   3683 |   4 | 1665.2 |
     Snake Pit |   6151 |   5809 |    342 |    914 |   3694 |   4 | 1537.8 |
  Orcish Mines |   1867 |   1631 |    236 |    411 |    843 |   2 |  933.5 |
   Elven Halls |   1718 |   1616 |    102 |    112 |   1247 |   1 | 1718.0 |
        Vaults |   2618 |   2596 |     22 |      0 |   2013 |   3 |  872.7 |
         Abyss |   1378 |   1378 |      0 |    273 |    193 |   3 |  459.3 |
        Bailey |    367 |    367 |      0 |     51 |    106 |   1 |  367.0 |
       Volcano |    796 |    796 |      0 |     74 |    540 |   1 |  796.0 |
               +--------+--------+--------+--------+--------+-----+--------+

Top non-repeatable levels by time:
Shoals:4: 2554 daAuts
 Snake:4: 1977 daAuts
Shoals:3: 1788 daAuts
   Elf:1: 1718 daAuts
 Snake:2: 1687 daAuts
  Lair:2: 1546 daAuts
    D:11: 1491 daAuts
Shoals:2: 1361 daAuts
  Lair:5: 1345 daAuts
  Lair:1: 1330 daAuts
     D:3: 1305 daAuts
 Snake:3: 1289 daAuts
Vaults:2: 1227 daAuts
 Snake:1: 1196 daAuts
    D:15: 1172 daAuts
